 Dungeon Crawl Stone Soup version 0.28-a0-793-g31680bbd8b (webtiles) character file.

Game seed: 7189779198738645258

928 flyleaff the Cudgeller (level 7, -3/70 HPs)
             Began as a Troll Fighter on Nov 5, 2021.
             Was an Initiate of Makhleb.
             Slain by a sky beast (6 damage)
             ... on level 5 of the Dungeon.
             The game lasted 00:09:16 (3298 turns).

flyleaff the Cudgeller (Troll Fighter)              Turns: 3298, Time: 00:09:17

Health: -3/70      AC:  5    Str: 26 (27) XL:     7   Next: 85%
Magic:  6/6        EV:  7    Int:  2 (4)  God:    Makhleb [......]
Gold:   199        SH:  6    Dex:  6 (9)  Spells: 6/6 levels left

rFire   . . .      SeeInvis .   p - +1 morningstar
rCold   . . .      Faith    .   c - +0 kite shield
rNeg    . . .      Spirit   .   b - +0 robe
rPois   .          Reflect  .   (helmet restricted)
rElec   .          Harm     .   k - +0 cloak
rCorr   .          Rampage  .   (gloves unavailable)
Will    .....                   (boots unavailable)
Stlth   +.........              (no amulet)
HPRegen 1.21/turn               (no ring)
MPRegen 0.10/turn               (no ring)

@: brilliant
A: large, unfitting armour, claws 3, regeneration 1, shaggy fur 1, tough skin 1
a: Renounce Religion


You were on level 5 of the Dungeon.
You worshipped Makhleb.
Makhleb was noncommittal.
You visited 1 branch of the dungeon, and saw 5 of its levels.

You collected 199 gold pieces.

Inventory:

Hand Weapons
 a - a +0 flail
 p - a +1 morningstar (weapon)
Missiles
 e - 4 boomerangs of dispersal (quivered)
 o - 15 poisoned darts
Armour
 b - a +0 robe (worn)
 c - a +0 kite shield (worn)
 k - a +0 cloak (worn)
Jewellery
 g - a ring of see invisible
 m - a ring of protection from fire
Scrolls
 d - 3 scrolls of teleportation
 h - a scroll of magic mapping
 i - a scroll of blinking {unknown}
 l - a scroll of immolation {unknown}
 q - 2 scrolls of identify
Potions
 f - a potion of lignification
 j - a potion of cancellation
 n - 2 potions of attraction
 r - a potion of degeneration
 t - a potion of curing
 u - a potion of heal wounds {unknown}


   Skills:
 + Level 4.1 Fighting
 * Level 5.4 Maces & Flails
 - Level 1.8 Throwing
 * Level 3.7 Armour
 - Level 2.6 Dodging
 - Level 2.7 Shields


You had 6 spell levels left.
You didn't know any spells.
Your spell library contained the following spells:

 Spells                   Type           Power      Damage    Failure   Level
 Ensorcelled Hibernation  Hex/Ice        0%         N/A       98%         2
 Static Discharge         Conj/Air       0%         N/A       98%         2
 Frozen Ramparts          Ice            0%         1d2       100%        3
 Inner Flame              Hex/Fire       0%         N/A       100%        3
 Spider Form              Tmut/Pois      0%         N/A       100%        3
 Stone Arrow              Conj/Erth      0%         3d7       100%        3
 Animate Armour           Summ/Erth      0%         N/A       100%        4
 Cause Fear               Hex            0%         N/A       100%        4
 Ice Form                 Ice/Tmut       0%         N/A       100%        4
 Summon Ice Beast         Ice/Summ       0%         N/A       100%        4
 Lightning Bolt           Conj/Air       0%         1d11      100%        5
 Discord                  Hex            0%         N/A       100%        8
 Lehudib's Crystal Spear  Conj/Erth      0%         10d2      100%        8
 Maxwell's Capacitive Co  Air            0%         ∞         100%        8


Dungeon Overview and Level Annotations

Branches:
Dungeon (5/15)             Temple (0/1) D:5

Altars:
Elyvilon
Hepliaklqana
Makhleb
Nemelex Xobeh
Okawaru
Xom
Zin


Innate Abilities, Weirdness & Mutations

You are too large for most types of armour.
You have claws for hands.
Your natural rate of healing is unusually fast.
You are covered in fur. (AC +1)
You have tough skin. (AC +1)


Message History

You kill the orc!
Makhleb accepts your kill.
The orc priest invokes the aid of Beogh against you.
Beogh smites you! Something hits you but does no damage.
You are too injured to fight recklessly!
You are too injured to fight recklessly!
You are too injured to fight recklessly!
You are too injured to fight recklessly!
Unknown command.
You closely miss something. Something hits you but does no damage.
You miss something. Something hits you. Something shocks you.
Something hits you. Something shocks you.
You miss something.
A sky beast appears from thin air!
Reactivating autopickup.
The sky beast closely misses you. The orc hits you with a +3 whip!
* * * LOW HITPOINT WARNING * * *
You barely miss the sky beast. The sky beast closely misses you.
The orc hits you with a +3 whip.
* * * LOW HITPOINT WARNING * * *
Unknown command.
Okay, then.
As you read the scroll of identify, it crumbles to dust.
n - 2 potions of attraction The sky beast hits you but does no damage.
The orc hits you with a +3 whip.
* * * LOW HITPOINT WARNING * * *
It was a potion of degeneration.
There was something very wrong with that liquid.
You feel weakened.
You feel dopey.
You feel clumsy. The sky beast hits you.
* * * LOW HITPOINT WARNING * * *
The sky beast shocks you.
* * * LOW HITPOINT WARNING * * *
The orc barely misses you.
It was a potion of brilliance.
You feel clever all of a sudden. The sky beast hits you.
* * * LOW HITPOINT WARNING * * *
The sky beast shocks you.
You die...

######### #.......#
#.......# ### #.......# #
#####..##.......# #
#......#........## ##
##..##o.........#####.
#..oY@.#..............
≈§....#################..
≈≈... #######.... ≈...
#....##.### ..#
#.##....### #
###.####.....
#...####.....
##.####.....). #..#
#.#.....


You could see a sky beast, an orc priest and an orc.

Vanquished Creatures
  Grinder (D:3)
  Eustachio (D:5)
  Pargi (D:3)
  A necrophage (D:5)
  2 water moccasin zombies (D:5)
  A howler monkey (D:5)
  2 orc priests (D:3)
  An orc wizard (D:5)
  A hound skeleton (D:4)
  3 gnolls (D:2)
  5 adders
  A dart slug (D:1)
  5 orcs
  7 ball pythons
  5 endoplasms
  4 giant cockroaches
  8 goblins
  6 hobgoblins
  3 jackals (D:1)
  10 kobolds
  5 quokkas
  8 bats
  7 frilled lizards
  7 rats
95 creatures vanquished.

Vanquished Creatures (others)
  A fungus (D:3)
1 creature vanquished.

Grand Total: 96 creatures vanquished

Notes
Turn   | Place    | Note
-------+----------+-------------------------------------------
     0 | D:1      | flyleaff the Troll Fighter began the quest for the Orb.
     0 | D:1      | Reached XP level 1. HP: 22/22 MP: 0/0
    56 | D:1      | Reached skill level 2 in Maces & Flails
   101 | D:1      | Reached XP level 2. HP: 22/29 MP: 1/1
   412 | D:1      | Reached XP level 3. HP: 36/36 MP: 2/2
   637 | D:1      | Found a faded altar of an unknown god.
   809 | D:2      | Reached XP level 4. HP: 37/44 MP: 3/3
  1039 | D:2      | Reached skill level 3 in Maces & Flails
  1225 | D:3      | Reached skill level 1 in Armour
  1255 | D:3      | Reached skill level 1 in Throwing
  1343 | D:3      | Found a sparkling altar of Nemelex Xobeh.
  1343 | D:3      | Noticed Pargi
  1356 | D:3      | Killed Pargi
  1357 | D:3      | Reached XP level 5. HP: 39/53 MP: 4/4
  1387 | D:3      | Reached XP level 6. HP: 8/61 MP: 5/5
  1770 | D:3      | Noticed Grinder
  1802 | D:3      | Reached skill level 4 in Maces & Flails
  1889 | D:3      | Found a white marble altar of Elyvilon.
  1983 | D:3      | Paralysed by Grinder for 3 turns
  1991 | D:3      | Paralysed by Grinder for 6 turns
  2011 | D:3      | Killed Grinder
  2082 | D:4      | Reached XP level 7. HP: 68/68 MP: 6/6
  2117 | D:4      | Found an iron altar of Okawaru.
  2117 | D:4      | Found a burning altar of Makhleb.
  2372 | D:4      | Became a worshipper of Makhleb the Destroyer
  2991 | D:5      | Entered Level 5 of the Dungeon
  3027 | D:5      | Found an ancient bone altar of Kikubaaqudgha.
  3029 | D:5      | Found a hazy altar of Hepliaklqana.
  3029 | D:5      | Found a shimmering altar of Xom.
  3031 | D:5      | Found an iron altar of Okawaru.
  3031 | D:5      | Found a sparkling altar of Nemelex Xobeh.
  3031 | D:5      | Found a glowing silver altar of Zin.
  3096 | D:5      | Noticed Eustachio
  3116 | D:5      | Killed Eustachio
  3117 | D:5      | Reached skill level 5 in Maces & Flails
  3222 | D:5      | Found a staircase to the Ecumenical Temple.
  3298 | D:5      | HP: 3/70 [sky beast (3)]
  3298 | D:5      | Slain by a sky beast

Illustrated notes

Levels and vault maps discovered:
D:1:      dpeg_arrival_prison, layout_basic,
          hellmonk_ecumenical_altar_arch_garden
D:2:      layout_rooms
D:3:      layout_basic, mainiacjoe_overflow_tiny_flanked,
          mainiacjoe_overflow_small_starburst, hangedman_feature_mirror,
          uniq_grinder, uniq_pargi
D:4:      layout_layer_cave, chequers_temple_overflow_statue_of_worship
D:5:      layout_rooms, doesnt_xom_only_xom, kennysheep_little_box,
          minmay_temple_entry_poolview, serial_shops, nicolae_lakefront_shop,
          uniq_eustachio

Skill      XL: |  1  2  3  4  5  6  7 |
---------------+----------------------+-----
Maces & Flails | 2 3 4 5 |  5.4
Fighting       | 3 4 |  4.1
Armour         | 1 2 3 |  3.7
Throwing       | 1 |  1.8
Dodging        | |  2.6
Shields        | |  2.7

Action                   |  1- 3 |  4- 6 |  7- 9 || total
-------------------------+-------+-------+-------++-------
Melee: Flail             |   121 |   113 |       ||   234
       Morningstar       |       |    59 |    63 ||   122
  Use: Potion            |     1 |     3 |     2 ||     6
       Scroll            |       |     6 |     2 ||     8
Armor: Robe              |    82 |    77 |    28 ||   187
       Skin              |       |    10 |       ||    10
Dodge: Dodged            |    69 |    73 |    31 ||   173
Block: Kite shield       |    60 |    86 |    33 ||   179

Table legend: (Time is in decaauts)
 A = Elapsed time spent in this place.
 B = Non-inter-level travel time spent in this place.
 C = Inter-level travel time spent in this place.
 D = Time resting spent in this place.
 E = Time spent auto-exploring this place.
 F = Levels seen in this place.
 G = Mean time per level.
                   A        B        C        D        E       F      G
               +--------+--------+--------+--------+--------+-----+--------+
         Total |   3469 |   3271 |    198 |      0 |   2378 |   5 |  693.8 |
       Dungeon |   3469 |   3271 |    198 |      0 |   2378 |   5 |  693.8 |
               +--------+--------+--------+--------+--------+-----+--------+

Top non-repeatable levels by time:
     D:3: 965 daAuts
     D:4: 922 daAuts
     D:1: 772 daAuts
     D:2: 476 daAuts
     D:5: 331 daAuts
